 Dungeon Crawl Stone Soup version 0.31-a0-940-gdaa99269f9 (webtiles) character file.

Game seed: 5670187745174603774

1799 CowFu the Basher (level 9, 0/92 HPs)
             Began as an Ogre Gladiator on Oct 20, 2023.
             Was a Follower of Lugonu.
             Killed from afar by a white imp (8 damage)
             ... with a puff of frost
             ... on level 6 of the Dungeon.
             The game lasted 00:11:31 (4290 turns).

CowFu the Basher (Ogre Gladiator)                   Turns: 4290, Time: 00:11:31

Health: 0/92       AC:  6    Str: 24    XL:     9   Next: 9%
Magic:  9/9        EV:  1    Int: 15    God:    Lugonu [*.....]
Gold:   123        SH:  0    Dex: 10    Spells: 8/8 levels left

rFire   . . .        a - +0 giant spiked club (flame)
rCold   . . .        (shield currently unavailable)
rNeg    . . .        y - +2 robe
rPois   .            c - +0 hat
rElec   .            o - +0 cloak
rCorr   +            (gloves unavailable)
SInv    .            (boots unavailable)
Will    .....        (no amulet)
Stlth   +            s - ring of resist corrosion
HPRegen 0.35/turn    x - +6 ring of intelligence
MPRegen 0.11/turn

%: no passive effects
@: sleeping
A: large, unfitting armour, tough skin 1
a: Renounce Religion, Depart the Abyss


You were on level 6 of the Dungeon.
You worshipped Lugonu.
Lugonu was aware of your devotion.
You visited 1 branch of the dungeon, and saw 6 of its levels.
You visited the Abyss 1 time.

You collected 227 gold pieces.
You spent 104 gold pieces at shops.

Inventory:

Hand Weapons
 a - a +0 giant spiked club of flaming (weapon)
 b - a +0 morningstar
 g - a +0 flail
 l - the +4 hand axe "Ohongisu" {distort, +Blink rPois}
   (You found it on level 2 of the Dungeon)

   rPois:     It protects you from poison +Blink: It lets you blink.
 v - a +0 flail
Missiles
 d - 3 throwing nets
 e - a large rock (quivered)
Armour
 c - a +0 hat (worn)
 j - a +0 robe of fire resistance
 o - a +0 cloak (worn)
 y - a +2 robe (worn)
 B - the +0 cloak of Repulsion {rF+ Will+}
   (You acquired it on level 6 of the Dungeon)

   rF+:       It protects you from fire.
   Will+:     It increases your willpower.
Jewellery
 s - a ring of resist corrosion (left hand)
 x - a +6 ring of intelligence (right hand)
 A - a +6 ring of dexterity
Wands
 w - a wand of digging (8)
Scrolls
 i - 2 scrolls of immolation
 n - a scroll of acquirement
 q - a scroll of revelation {unknown}
 u - a scroll of noise {unknown}
 z - a scroll of amnesia {unknown}
Potions
 f - a potion of haste
 h - 4 potions of curing
 k - a potion of berserk rage
 m - 2 potions of ambrosia
 r - 2 potions of might
 t - a potion of lignification {unknown}


   Skills:
 + Level 6.9 Fighting
 + Level 9.6 Maces & Flails
 - Level 3.0 Throwing
 - Level 3.0 Dodging


You had 8 spell levels left.
You didn't know any spells.
Your spell library contained the following spells:

 Spells                   Type           Power      Damage    Failure   Level
 Necrotise                Necr           0%         1d4       26%         1
 Sting                    Tmut/Pois      0%         1d3       26%         1
 Call Canine Familiar     Summ           0%         N/A       63%         3
 Gell's Gravitas          Tloc           0%         N/A       63%         3
 Sigil of Binding         Hex            0%         N/A       63%         3
 Teleport Other           Tloc           0%         N/A       63%         3
 Vampiric Draining        Necr           0%         2d6       63%         3
 Dimensional Bullseye     Hex/Tloc       0%         N/A       95%         4
 Leda's Liquefaction      Hex/Erth       0%         N/A       95%         4
 Agony                    Necr           0%         N/A       100%        5
 Dispersal                Tloc           0%         N/A       100%        6


Dungeon Overview and Level Annotations

Branches:
Dungeon (6/15)
 Temple: D:4-7

Altars:
Ashenzari
Nemelex Xobeh
Yredelemnul

Shops:
D:2 !   D:6 ?

Annotations:
D:6 3 runed translucent doors, Pikel; Runia's ghost, novice MfIE


Innate Abilities, Weirdness & Mutations

You are too large for most types of armour.
You have tough skin. (AC +1)


Message History

The white imp gestures at you. The puff of frost misses you.
You see here a book of Chaos.
You hit the lemure but do no damage. The lemure closely misses you.
Pikel zaps a wand.
The roots erupt in riotous growth!
The lemure is unaffected.
Pikel is unaffected.
The grasping roots grab you! The grasping roots constrict you.
You hear a loud, deep croak!
You hear a shout! x2
This is a scroll of acquirement!
Something appears at your feet! The lemure hits you.
Pikel cracks his whip.
The grasping roots constrict you!
* * * LOW HITPOINT WARNING * * *
B - the +0 cloak of Repulsion {rF+ Will+} The lemure misses you.
The white imp gestures at you. The puff of frost hits you!
* * * LOW HITPOINT WARNING * * *
The grasping roots constrict you.
* * * LOW HITPOINT WARNING * * *
The grasping roots release their grip on you.
As you read the scroll labelled ZOCSEQ PAIZE, it crumbles to dust.
You feel strangely unstable.
It was a scroll of teleportation.
The lemure barely misses you.
Unknown command.
You sock the lemure! You burn the lemure.
The lemure is heavily wounded.
The lemure hits you.
* * * LOW HITPOINT WARNING * * *
The sleepcap releases spores at you.
* * * LOW HITPOINT WARNING * * *
You are engulfed in a cloud of soporific spores!
You fall asleep.
Your surroundings suddenly seem different.
Found 8 gold pieces.
A bullfrog comes into view.
The white imp gestures at you. The puff of frost hits you!
You die...

.. . ...
##.#.F########...
...#..$..@.......
......####.###..## #.
.................. ....
........##.#.....#.#.#.#.
#...5K:5.........f.....
#...5##...#...#.#.#.#.#
#.....#..........<.....
#.#K5[....##..#.#$#.#.#
#.5.......##...........


You could see a bullfrog and a white imp.

Vanquished Creatures
  Grinder (D:6)
  Sigmund (D:4)
  Eustachio (Abyss:1)
  An ice beast (D:6)
  2 ogres (D:6)
  A centaur (D:4)
  A phantom (D:4)
  A scorpion (D:5)
  A howler monkey (D:5)
  A bullfrog zombie (D:6)
  A hound (D:4)
  5 jellies
  Crazy Yiuf (D:2)
  2 sleepcaps (D:6)
  3 iguanas
  An orc wizard (D:5)
  Robin (D:4)
  A howler monkey zombie (D:6)
  6 adders
  A shadow imp (D:5)
  A white imp (D:5)
  A worm (D:3)
  3 dart slugs (D:1)
  9 orcs
  8 ball pythons
  7 bats
  7 endoplasms
  4 giant cockroaches
  16 goblins
  6 hobgoblins
  5 jackals
  12 kobolds
  A quokka (D:3)
  9 frilled lizards
  6 rats
128 creatures vanquished.

Notes
Turn   | Place    | Note
-------+----------+-------------------------------------------
     0 | D:1      | CowFu the Ogre Gladiator began the quest for the Orb.
     0 | D:1      | Reached XP level 1. HP: 22/22 MP: 1/1
   196 | D:1      | Reached XP level 2. HP: 29/29 MP: 2/2
   405 | D:1      | Reached skill level 3 in Maces & Flails
   443 | D:1      | Reached XP level 3. HP: 37/37 MP: 3/3
   932 | D:2      | Identified the +4 hand axe "Ohongisu" {distort, +Blink
                  | rPois}
   939 | D:2      | Found Aliqas's Distillery.
  1076 | D:2      | Reached XP level 4. HP: 38/45 MP: 4/4
  1429 | D:2      | Found a runed translucent door.
  1430 | D:2      | Noticed Crazy Yiuf
  1702 | D:2      | Killed Crazy Yiuf
  1703 | D:2      | Reached skill level 4 in Maces & Flails
  1755 | D:3      | Identified the of Efont
  1819 | D:3      | Reached XP level 5. HP: 51/53 MP: 5/5
  1839 | D:3      | Found a faded altar of an unknown god.
  2322 | D:4      | Noticed a phantom
  2329 | D:4      | Killed a phantom
  2330 | D:4      | Reached skill level 5 in Maces & Flails
  2350 | D:4      | Noticed Eustachio
  2355 | D:4      | Reached XP level 6. HP: 61/61 MP: 6/6
  2373 | D:4      | Banished Eustachio
  2374 | D:4      | Reached skill level 6 in Maces & Flails
  2688 | D:4      | Found a broken altar of Ashenzari.
  2689 | D:4      | Noticed Robin
  2732 | D:4      | Killed Robin
  2733 | D:4      | Reached XP level 7. HP: 59/67 MP: 7/7
  2849 | D:4      | Noticed Sigmund
  2857 | D:4      | Killed Sigmund
  2858 | D:4      | Reached skill level 7 in Maces & Flails
  3259 | D:4      | Found a sparkling altar of Nemelex Xobeh.
  3314 | D:5      | Entered Level 5 of the Dungeon
  3458 | D:5      | Reached skill level 8 in Maces & Flails
  3458 | D:5      | Reached XP level 8. HP: 61/75 MP: 8/8
  3994 | D:6      | Found Vaempuup's Magic Scroll Boutique.
  4020 | D:6      | Bought a scroll of brand weapon for 104 gold pieces
  4021 | Abyss:1  | Cast into level 1 of the Abyss (unwielding a weapon of
                  | distortion)
  4040 | Abyss:1  | Killed Eustachio
  4057 | Abyss:1  | Found a transporter.
  4059 | Abyss:1  | Noticed a raiju
  4059 | Abyss:1  | Noticed a cyclops
  4059 | Abyss:1  | Noticed a tentacled starspawn
  4059 | Abyss:1  | Noticed a sixfirhy
  4060 | Abyss:1  | Noticed a tentacled starspawn
  4060 | Abyss:1  | Noticed a wretched star
  4060 | Abyss:1  | Noticed a wretched star
  4060 | Abyss:1  | Noticed a tentacled starspawn
  4060 | Abyss:1  | a cyclops changed into a jorogumo
  4060 | Abyss:1  | Noticed a jorogumo (glowing shapeshifter)
  4061 | Abyss:1  | Noticed a starcursed mass
  4064 | Abyss:1  | Found a corrupted altar of Lugonu.
  4077 | Abyss:1  | Became a worshipper of Lugonu the Unformed
  4077 | Abyss:1  | Reached * piety under Lugonu
  4077 | Abyss:1  | Reached ** piety under Lugonu
  4078 | D:6      | Escaped the Abyss
  4107 | D:6      | Found a runed translucent gate.
  4107 | D:6      | Found a runed translucent gate.
  4107 | D:6      | Found a runed translucent gate.
  4107 | D:6      | Noticed Runia's ghost (novice MfIE)
  4109 | D:6      | Found a basalt altar of Yredelemnul.
  4139 | D:6      | Noticed Grinder
  4152 | D:6      | Reached skill level 5 in Fighting
  4152 | D:6      | Reached skill level 9 in Maces & Flails
  4155 | D:6      | Killed Grinder
  4255 | D:6      | Reached XP level 9. HP: 92/92 MP: 9/9
  4274 | D:6      | Noticed Pikel
  4285 | D:6      | Identified 2 scrolls of acquirement
  4285 | D:6      | Acquired the +0 cloak of Repulsion {rF+ Will+}
  4290 | D:6      | Killed from afar by a white imp

Illustrated notes

Levels and vault maps discovered:
D:1:      dpeg_arrival_tiny_g, layout_loops_ring, serial_forest,
          infiniplex_forest_lined_2, infiniplex_forest_straight_2,
          infiniplex_forest_clump_curved, infiniplex_forest_diagonal,
          infiniplex_forest_lined_3, infiniplex_forest_straight_1, hex_medium,
          chequers_serial_rivers_micro_a
D:2:      layout_loops_ring, serial_shops, nicolae_shop_tiny_statue_garden,
          uniq_crazy_yiuf_cottage
D:3:      layout_rooms, shapermc_ecumenical_altar_rom_forum
D:4:      layout_loops_ring, ashenzari_conservatory_becter,
          nemelex_dance_club_becter, uniq_eustachio, uniq_sigmund, uniq_robin
D:5:      layout_loops_ring
D:6:      layout_basic, nicolae_yredelemnul_ghost_church, serial_shops, shop,
          shop, ebering_ghost_sewer_d, st_stairs_11, uniq_duvessa, uniq_pikel,
          uniq_grinder

Skill      XL: |  1  2  3  4  5  6  7  8 |
---------------+-------------------------+-----
Fighting       | 3 6 |  6.9
Maces & Flails | 3 4 5 6 8 9 |  9.6
Dodging        | 3 |  3.0
Throwing       | 3 |  3.0

Action                     |  1- 3 |  4- 6 |  7- 9 || total
---------------------------+-------+-------+-------++-------
  Melee: Flail             |   108 |       |       ||   108
         Hand axe          |     8 |   120 |    64 ||   192
         Punch             |       |       |     2 ||     2
         Giant spiked club |       |       |    42 ||    42
  Throw: Throwing net      |     4 |       |       ||     4
         Large rock        |     2 |       |       ||     2
 Invoke: Depart the Abyss  |       |       |     1 ||     1
    Use: Scroll            |       |       |    10 ||    10
         Potion            |       |       |     1 ||     1
   Stab: Sleeping          |     1 |     1 |     1 ||     3
         Distracted        |     1 |       |       ||     1
 Armour: Robe              |    95 |    59 |    74 ||   228
  Dodge: Dodged            |    87 |    42 |    55 ||   184

Table legend: (Time is in decaauts)
 A = Elapsed time spent in this place.
 B = Non-inter-level travel time spent in this place.
 C = Inter-level travel time spent in this place.
 D = Time resting spent in this place.
 E = Time spent auto-exploring this place.
 F = Levels seen in this place.
 G = Mean time per level.
                   A        B        C        D        E       F      G
               +--------+--------+--------+--------+--------+-----+--------+
         Total |   4359 |   4213 |    146 |      0 |   3219 |   7 |  622.7 |
       Dungeon |   4293 |   4147 |    146 |      0 |   3208 |   6 |  715.5 |
         Abyss |     65 |     65 |      0 |      0 |     10 |   1 |   65.0 |
               +--------+--------+--------+--------+--------+-----+--------+

Top non-repeatable levels by time:
     D:4: 1045 daAuts
     D:1: 929 daAuts
     D:2: 860 daAuts
     D:5: 688 daAuts
     D:3: 525 daAuts
     D:6: 245 daAuts
 Abyss:1: 65 daAuts
